 Dungeon Crawl Stone Soup version 0.24.0-28-g17ded55e90 (webtiles) character file.

Game seed: 18115315155410753858, levelgen mode: deterministic

2500 Delamore the Severer (level 9, -2/70 HPs)
             Began as a Hill Orc Fighter on Nov 13, 2019.
             Was a Follower of Qazlal.
             Slain by a hornet zombie (9 damage)
             ... on level 7 of the Dungeon.
             The game lasted 00:10:11 (6196 turns).

Delamore the Severer (Hill Orc Fighter)             Turns: 6196, Time: 00:10:12

Health: -2/70      AC: 14    Str: 22    XL:     9   Next: 53%
Magic:  0/0        EV:  4    Int:  8    God:    Qazlal [*.....]
Gold:   443        SH: 10    Dex: 10    Spells: 8/8 levels left

rFire    + . .     SeeInvis +   a - +1 war axe
rCold    + . .     Gourm    .   c - +0 shield
rNeg     + + .     Faith    .   s - +0 plate armour
rPois    .         Spirit   .   u - +2 helmet of Insecurity {rN+ MP-9 SInv Stlth+}
rElec    .         Reflect  .   v - scarf {rC+ rF+}
rCorr    .         Harm     +   (no gloves)
MR       .....                  (no boots)
Stlth    ..........             o - amulet of harm
HPRegen  0.21/turn              b - ring of positive energy
MPRegen  0.07/turn              (no ring)

@: no status effects
A: no striking features
a: Renounce Religion


You were on level 7 of the Dungeon.
You worshipped Qazlal.
Qazlal was aware of your devotion.
You were hungry.

You visited 2 branches of the dungeon, and saw 8 of its levels.

You collected 443 gold pieces.

Inventory:

Hand Weapons
 a - a +1 war axe (weapon)
Missiles
 h - 5 javelins (quivered)
Armour
 c - a +0 shield (worn)
 s - a +0 plate armour (worn)
 u - the +2 helmet of Insecurity (worn) {rN+ MP-9 SInv Stlth+}
   (You took it off Robin on level 3 of the Dungeon)

   It protects you from negative energy.
   It affects your magic capacity (-9).
   It lets you see invisible.
   It makes you more stealthy.
 v - a scarf of resistance (worn)
 y - a +0 chain mail of cold resistance
Jewellery
 b - a ring of positive energy (left hand)
 o - an amulet of harm (around neck)
Wands
 i - a wand of random effects (18)
 n - a wand of digging (1)
 q - a wand of paralysis (6)
 w - a wand of acid (2)
Scrolls
 e - a scroll of amnesia
 g - a scroll of blinking
 k - a scroll of enchant armour
 l - 2 scrolls of teleportation
 p - a scroll of enchant weapon
 x - a scroll of magic mapping
 B - a scroll of immolation
 C - a scroll of fog
 E - a scroll of fear
 G - a scroll of remove curse
 H - a scroll of random uselessness
Potions
 d - a potion of might
 j - 2 potions of lignification
 m - 2 potions of degeneration
 r - 3 potions of heal wounds
 t - a potion of flight {unknown}
 z - a potion of ambrosia {unknown}
 A - a potion of resistance {unknown}
 D - a potion of agility
 F - 2 potions of curing {unknown}
Comestibles
 f - 17 rations
 I - 2 chunks of flesh


   Skills:
 - Level 3.6 Fighting
 + Level 15.5 Axes
 - Level 3.2 Armour
 - Level 3.2 Shields


You had 8 spell levels left.
You didn't know any spells.
Your spell library was empty.

Dungeon Overview and Level Annotations

Branches:
Dungeon (7/15)             Temple (1/1) D:4

Altars:
Ashenzari
Cheibriados
Fedhas
Gozag
Kikubaaqudgha
Okawaru
Qazlal
Ru
Sif Muna
Trog
Uskayaw
Vehumet
Wu Jian
Xom
Yredelemnul
Zin
The Shining One


Message History

The hornet zombie hits you but does no damage.
You completely miss the hornet zombie. The hornet zombie hits you.
* * * LOW HITPOINT WARNING * * *
You hit the hornet zombie.
The hornet zombie is lightly damaged.
The hornet zombie hits you but does no damage.
You slash the hornet zombie!
The hornet zombie is heavily damaged.
The hornet zombie hits you.
* * * LOW HITPOINT WARNING * * *
Evoke which item? (* to show all) (? for menu, Esc to quit)
Aiming: Corrosive Bolt
Press: ? - help, Shift-Dir - straight line, f/p - hornet zombie
Aim: a hornet zombie (heavily damaged)
The bolt of acid hits the hornet zombie!
The hornet zombie is splashed with acid.
The acid corrodes the hornet zombie!
The hornet zombie is almost destroyed.
The hornet zombie hits you!
You die...

............[..........
...................#####
.........##.......##
..........##.....#######
........#.######.....##.
..........## ##.........
...........###..........
.......ยง.#..##..........
.......@).[.............
....p.Z.))#.##..........
........[.......p.......
.......###..##..........
......# ...............
...... ............##.
.(.... ........(.#####
#####. ........<.#
..........#


You could see a hornet zombie and a neutral freed slave (wandering).

Vanquished Creatures
  Pikel (D:6)
  Edmund (D:4)
  A sky beast (D:6)
  An ice beast (D:7)
  3 slaves (D:6)
  An orc warrior (D:7)
  3 ogres
  A centaur (D:6)
  5 scorpions
  3 wights (D:6)
  A howler monkey (D:4)
  3 crimson imps (D:5)
  3 hounds
  A jelly (D:3)
  3 bullfrog skeletons
  A centaur skeleton (D:7)
  4 orc wizards
  Natasha (thrice) (D:2)
  2 iguanas (D:5)
  3 worker ants
  Robin (D:3)
  7 gnolls
  5 adders
  A shadow imp (D:5)
  3 oozes
  4 worms
  2 dart slugs (D:2)
  2 leopard geckos
  17 orcs
  4 ball pythons
  9 bats
  3 giant cockroaches
  16 goblins
  9 hobgoblins
  9 jackals
  3 quokkas
  12 frilled lizards
  8 kobolds
  A leopard gecko skeleton (D:4)
  A quokka zombie (D:6)
  7 rats
168 creatures vanquished.

Notes
Turn   | Place    | Note
-------+----------+-------------------------------------------
     0 | D:1      | Delamore the Hill Orc Fighter began the quest for the Orb.
     0 | D:1      | Reached XP level 1. HP: 19/19 MP: 1/1
    85 | D:1      | Reached skill level 3 in Axes
   122 | D:1      | Reached XP level 2. HP: 22/26 MP: 2/2
   335 | D:1      | Reached skill level 4 in Axes
   690 | D:1      | Reached XP level 3. HP: 31/31 MP: 3/3
  1400 | D:2      | Reached skill level 5 in Axes
  1630 | D:2      | Reached XP level 4. HP: 34/39 MP: 4/4
  1677 | D:2      | Noticed Natasha
  1690 | D:2      | Killed Natasha
  1690 | D:2      | Reached skill level 6 in Axes
  1940 | D:2      | Noticed Natasha
  1957 | D:2      | Killed Natasha
  1957 | D:2      | Reached XP level 5. HP: 8/45 MP: 5/5
  1971 | D:2      | Noticed Natasha
  1977 | D:2      | Killed Natasha
  1977 | D:2      | Reached skill level 7 in Axes
  2801 | D:3      | Identified the +2 helmet of Insecurity {rN+ MP-9 SInv
                  | Stlth+}
  2801 | D:3      | Noticed Robin
  2817 | D:3      | Killed Robin
  2823 | D:3      | Reached skill level 8 in Axes
  2823 | D:3      | Reached XP level 6. HP: 26/51 MP: 6/6
  3150 | D:3      | Found an opulent altar of Gozag.
  3708 | D:4      | Reached skill level 9 in Axes
  3902 | D:4      | Reached XP level 7. HP: 50/57 MP: 0/7
  3947 | D:4      | Reached skill level 10 in Axes
  3957 | D:4      | Noticed Edmund
  3976 | D:4      | Killed Edmund
  4084 | D:4      | Found a staircase to the Ecumenical Temple.
  4113 | Temple   | Entered the Ecumenical Temple
  4138 | Temple   | Became a worshipper of Qazlal Stormbringer
  4261 | D:4      | Reached skill level 11 in Axes
  4418 | D:5      | Entered Level 5 of the Dungeon
  4452 | D:5      | Reached XP level 8. HP: 64/64 MP: 0/8
  4516 | D:5      | Reached skill level 12 in Axes
  4787 | D:5      | Found a hide-covered altar of Uskayaw.
  5072 | D:6      | Reached skill level 13 in Axes
  5549 | D:6      | Reached skill level 14 in Axes
  5549 | D:6      | Reached XP level 9. HP: 54/70 MP: 0/9
  5735 | D:7      | Noticed Pikel
  5819 | D:6      | Killed Pikel
  5819 | D:6      | Reached skill level 15 in Axes
  5960 | D:7      | Reached * piety under Qazlal
  6196 | D:7      | Slain by a hornet zombie

Levels and vault maps discovered:
D:1:      eino_arrival_cavern_b, layout_basic
D:2:      minmay_chambers_of_twos, layout_loops_ring, serial_glass,
          glass_columns_a, glass_columns_b, first_ration,
          minmay_misc_feat_secret_circle, chequers_garden, uniq_natasha
D:3:      layout_basic, marbit_many_paths, uniq_robin
D:4:      layout_rooms, minmay_temple_entry_arrows,
          minmay_misc_feat_four_crosses, st_stairs_7, uniq_edmund
D:5:      layout_cave_pools, kennysheep_mini
D:6:      layout_rooms, corner_web_ring
D:7:      layout_rooms, uniq_pikel
Temple:   regret_index_temple_waves

Skill      XL: |  1  2  3  4  5  6  7  8  9 |
---------------+----------------------------+-----
Axes           | 3 4 5 6 8 9 11 14 15 | 15.5
Fighting       | |  3.6
Armour         | |  3.2
Shields        | |  3.2

Action                   |  1- 3 |  4- 6 |  7- 9 || total
-------------------------+-------+-------+-------++-------
Melee: War axe           |   140 |   171 |   221 ||   532
Throw: Javelin           |       |     8 |    23 ||    31
Evoke: Wand              |       |       |     1 ||     1
  Use: Potion            |       |     1 |       ||     1
       Scroll            |       |       |    12 ||    12
  Eat: Chunk             |     2 |     8 |     7 ||    17
Armor: Scale mail        |    68 |    49 |       ||   117
       Skin              |       |     7 |       ||     7
       Plate armour      |       |    35 |   101 ||   136
Dodge: Dodged            |    56 |    48 |    16 ||   120
Block: Shield            |    89 |    93 |    76 ||   258
